 Dungeon Crawl Stone Soup version 0.29.1-13-g9f3cf754e1 (webtiles) character file.

Game seed: 10062074586964165414

604 sircluck the Shield-Bearer (level 7, -7/67 HPs)
             Began as a Troll Fighter on Jan 25, 2023.
             Killed from afar by Duvessa (19 damage)
             ... with a bolt of light
             ... on level 3 of the Dungeon.
             The game lasted 00:19:01 (3769 turns).

sircluck the Shield-Bearer (Troll Fighter)          Turns: 3769, Time: 00:19:01

Health: -7/67      AC:  5    Str: 27    XL:     7   Next: 18%
Magic:  6/6        EV:  9    Int:  9    God:
Gold:   200        SH:  7    Dex:  9    Spells: 6/6 levels left

rFire   . . .      SeeInvis +   s - +10 short sword of Unpleasantness {vorpal, Int+5 SInv}
rCold   . . .      Faith    .   b - +0 kite shield
rNeg    . . .      Spirit   .   u - +1 robe {Will+}
rPois   .          Reflect  .   (helmet restricted)
rElec   .          Harm     .   (no cloak)
rCorr   .          Rampage  .   (gloves unavailable)
Will    +....                   (boots unavailable)
Stlth   +.........              (no amulet)
HPRegen 1.01/turn               (no ring)
MPRegen 0.10/turn               (no ring)

@: mighty
A: large, unfitting armour, claws 3, regeneration 1, shaggy fur 1, tough skin 1
a: no special abilities


You were on level 3 of the Dungeon.
You visited 1 branch of the dungeon, and saw 4 of its levels.

You collected 200 gold pieces.

Inventory:

Hand Weapons
 j - a +0 rapier
 k - a +0 spear
 o - a +2 short sword of draining
 p - a +0 mace
 s - the +10 short sword of Unpleasantness (weapon) {vorpal, Int+5 SInv}
   (You found it on level 2 of the Dungeon)

   It inflicts extra damage upon your enemies.
   Int:       It affects your intelligence (+5).
   SInv:      It lets you see invisible.
 t - a +0 scythe
Missiles
 h - 4 atropa-tipped darts (quivered)
 n - 38 stones
 v - 18 poisoned darts
 C - 3 datura-tipped darts
Armour
 a - a +0 robe
 b - a +0 kite shield (worn)
 g - a +0 robe
 i - a +0 leather armour
 r - a +1 pair of boots
 u - a +1 robe of willpower (worn)
 w - a +0 leather armour
 y - a +0 chain mail
Jewellery
 x - a +6 ring of intelligence
Scrolls
 d - a scroll of immolation {unknown}
 e - a scroll of blinking {unknown}
 f - 2 scrolls of identify {unknown}
 l - a scroll of enchant armour {unknown}
 q - a scroll of brand weapon {unknown}
 B - a scroll of teleportation {unknown}
Potions
 c - a potion of might
 m - 2 potions of experience {unknown}
 z - a potion of curing {unknown}
 A - a potion of flight {unknown}


   Skills:
 + Level 3.2 Fighting
 + Level 2.2 Short Blades
 + Level 0.2 Throwing
 + Level 4.0 Dodging
 + Level 0.6 Stealth
 + Level 4.2 Shields
 + Level 4.0 Unarmed Combat


You had 6 spell levels left.
You didn't know any spells.
Your spell library contained the following spells:

 Spells                   Type           Power      Damage    Failure   Level
 Magic Dart               Conj           0%         1d3       67%         1
 Searing Ray              Conj           0%         2d4       80%         2
 Gell's Gravitas          Tloc           0%         N/A       95%         3
 Lesser Beckoning         Tloc           0%         N/A       95%         3
 Teleport Other           Tloc           0%         N/A       95%         3
 Cause Fear               Hex            0%         N/A       100%        4
 Fulminant Prism          Conj/Hex       0%         3d6       100%        4
 Dragon Form              Tmut           0%         N/A       100%        7
 Dragon's Call            Summ           0%         N/A       100%        9


Dungeon Overview and Level Annotations

Branches:
Dungeon (4/15)
 Temple: D:4-7

Altars:

Shops:
D:2 (

Annotations:
D:3 Dowan, Duvessa


Innate Abilities, Weirdness & Mutations

You are too large for most types of armour.
You have claws for hands.
Your natural rate of healing is unusually fast.
You are covered in fur. (AC +1)
You have tough skin. (AC +1)


Message History

You puncture the orc!
You kill the orc!
Duvessa zaps a wand.
The bolt of light misses the orc.
The bolt of light misses you. You block the orc wizard's attack.
The orc hits you but does no damage. x2
You closely miss the orc. The orc wizard barely misses you.
The orc hits you but does no damage. The orc hits you with a +0 hand axe.
You puncture the orc!
You kill the orc!
The orc wizard hits you but does no damage.
The orc hits you with a +0 hand axe.
Duvessa zaps a wand.
The bolt of light hits you!
You hit Duvessa.
Duvessa is lightly wounded.
Duvessa hits you with a +0 rapier! You block the orc wizard's attack.
Dowan, Brother of Duvessa comes into view.
He is wielding a +0 dagger.
You block the orc's attack. Duvessa hits you with a +0 rapier.
You barely miss Duvessa.
Duvessa is lightly wounded.
You block the orc wizard's attack. You block the orc's attack.
Duvessa hits you with a +0 rapier! The orc closely misses you.
Dowan says, "My weaknesses are her strengths!"
The orc wizard closely misses you. Duvessa hits you with a +0 rapier!
* * * LOW HITPOINT WARNING * * *
Duvessa hits you with a +0 rapier!
* * * LOW HITPOINT WARNING * * *
The orc wizard hits you with a +0 dagger.
* * * LOW HITPOINT WARNING * * *
You block the orc's attack. You block Dowan's attack.
You climb upwards.
There is a stone staircase leading down here.
You feel very mighty all of a sudden. Duvessa barely misses you.
Dowan gestures at you while chanting. You resist with almost no effort.
The orc wizard hits you but does no damage.
You block the orc's attack.
Duvessa zaps a wand.
The bolt of light hits you!!
You die...

######)# ####.#
#............ #.## #.#
#.####...#### #..# #.# #.#
##.## ##.## #.# #.# #.#
#..########.###.## #.#
##...............####.#####
#######.#eo...........#...
######..e>o###..####..#.##
#........@.###..####..#.#
#.####................#.#
#.# ##.#..####.#####.#.#
####.# #.........# #.#.#
##....##
###..<..#.#####.#.#
####[...#.##
#.###...........#
#......###.#
#.............###
#.##....#.##
#######.####### #.###.##.##
#.#


You could see Duvessa (fast), Dowan, an orc wizard and an orc.

Vanquished Creatures
  Grinder (D:3)
  Sigmund (D:2)
  A hound (D:3)
  An orc priest (D:3)
  An orc wizard (D:3)
  A gnoll (D:1)
  7 adders
  2 worms (D:2)
  A dart slug (D:2)
  5 orcs
  5 ball pythons
  5 bats
  8 endoplasms
  4 giant cockroaches
  3 goblins
  5 hobgoblins
  3 jackals
  3 quokkas
  3 frilled lizards
  9 kobolds
  3 rats
72 creatures vanquished.

Vanquished Creatures (others)
  16 plants (D:1)
16 creatures vanquished.

Grand Total: 88 creatures vanquished

Notes
Turn   | Place    | Note
-------+----------+-------------------------------------------
     0 | D:1      | sircluck the Troll Fighter began the quest for the Orb.
     0 | D:1      | Reached XP level 1. HP: 22/22 MP: 0/0
   408 | D:1      | Reached XP level 2. HP: 29/29 MP: 1/1
   948 | D:1      | Reached XP level 3. HP: 29/32 MP: 2/2
  1288 | D:2      | Found Enixtabi's Antique Weapon Shop.
  1454 | D:2      | Identified the +10 short sword of Unpleasantness {vorpal,
                  | Int+5 SInv}
  1512 | D:2      | Noticed Sigmund
  1526 | D:2      | Killed Sigmund
  1527 | D:2      | Reached XP level 4. HP: 31/44 MP: 3/3
  1527 | D:2      | Reached XP level 5. HP: 37/52 MP: 4/4
  2401 | D:3      | Reached XP level 6. HP: 57/61 MP: 5/5
  2599 | D:3      | Noticed Grinder
  2626 | D:3      | Paralysed by Grinder for 4 turns
  2635 | D:3      | Paralysed by Grinder for 5 turns
  2648 | D:3      | Paralysed by Grinder for 5 turns
  2655 | D:3      | Killed Grinder
  2656 | D:3      | Reached skill level 1 in Short Blades
  3014 | D:3      | Reached XP level 7. HP: 67/67 MP: 6/6
  3757 | D:4      | Noticed Duvessa
  3764 | D:4      | Noticed Dowan
  3769 | D:3      | Killed from afar by Duvessa

Illustrated notes

Levels and vault maps discovered:
D:1:      tarquinn_simple_flora_water_a, layout_loops_cross
D:2:      minmay_evil_eye, layout_loops_ring, serial_shops, shop_coins,
          uniq_sigmund
D:3:      minmay_thinvault, layout_loops_ring, columned_hall_lemuel,
          uniq_grinder
D:4:      layout_loops_ring, bloody_trog, sigmund_army, uniq_duvessa

Skill      XL: |  1  2  3  4  5  6  7 |
---------------+----------------------+-----
Dodging        | 3 4 |  4.0
Shields        | 3 4 |  4.2
Unarmed Combat | 3 4 |  4.0
Fighting       | 3 |  3.2
Short Blades   | 2 |  2.2
Throwing       | |  0.2
Stealth        | |  0.6

Action                   |  1- 3 |  4- 6 |  7- 9 || total
-------------------------+-------+-------+-------++-------
Melee: Unarmed           |    94 |       |       ||    94
       Short sword       |     8 |    68 |    52 ||   128
Throw: Dart              |       |     2 |       ||     2
  Use: Potion            |       |     2 |     1 ||     3
Armor: Robe              |    17 |    18 |    18 ||    53
       Skin              |       |     3 |       ||     3
Dodge: Dodged            |    35 |    30 |    22 ||    87
Block: Kite shield       |    36 |    42 |    34 ||   112
